Map: Terraform LE (Void)

Players

WashedUpNub - Winner!

  • Race: Protoss Protoss
  • League: Master

ChitogeBesto

  • Race: Zerg Zerg
  • League: Master

Event: Lycan League Weekly August #2

VOD

Have the link to the VOD?

Description

Time

  • Played on: Aug. 10, 2015, 12:19 p.m.
  • Length: 10:41

All games in this series

Show
View Real Time Build Order
Export as new Build Order

WashedUpNub Protoss - Winner!

Build Orders: Mass Adepts 

Get SALT Encoding   

  12  0:00  Probe  
  13  0:12  Pylon  
  13  0:17  Probe  
  14  0:31  Probe (Chrono Boost)  
  15  0:35  Gateway  
  15  0:41  Probe (Chrono Boost)  
  16  0:47  Assimilator  
  16  0:48  Probe  
  17  1:00  Probe  
  18  1:12  Probe  
  19  1:23  Cybernetics Core  
  19  1:24  Probe  
  20  1:27  Pylon, Zealot  
  22  1:45  Probe  
  23  1:57  Probe  
  23  1:59  Warp Gate (Chrono Boost)  
  23  2:00  Adept (Chrono Boost)  
  26  2:05  Forge  
  26  2:09  Probe  
  26  2:10  Pylon  
  27  2:21  Probe  
  28  2:26  Adept (Chrono Boost)  
  30  2:33  Gateway, Probe  
  30  2:35  Gateway  
  31  2:42  Pylon  
  31  2:46  Mothership Core  
  33  2:53  Photon Cannon  
  33  2:57  Adept  
  35  3:07  Probe  
  36  3:19  Probe  
  37  3:26  Nexus  
  37  3:33  Probe  
  38  3:36  Pylon  
  38  3:40  Stalker  
  40  3:45  Probe  
  41  3:55  Gateway  
  41  4:04  Adept x2  
  41  4:09  Adept  
  46  4:16  Probe  
  47  4:22  Pylon  
  47  4:23  Adept  
  49  4:27  Adept  
  51  4:33  Probe  
  51  4:36  Adept  
  54  4:47  Probe (Chrono Boost)  
  54  4:49  Assimilator  
  54  4:51  Adept  
  57  4:55  Adept  
  57  4:59  Probe (Chrono Boost)  
  61  5:06  Probe (Chrono Boost)  
  61  5:09  Probe (Chrono Boost)  
  61  5:12  Probe  
  63  5:18  Stargate  
  63  5:22  Probe (Chrono Boost)  
  63  5:24  Probe (Chrono Boost)  
  63  5:25  Pylon  
  63  5:26  Photon Cannon  
  65  5:34  Probe (Chrono Boost)  
  67  5:36  Probe (Chrono Boost)  
  61  5:50  Probe (Chrono Boost)  
  61  5:54  Adept  
  61  5:55  Probe (Chrono Boost), Adept x2  
  69  6:00  Assimilator  
  69  6:02  Probe (Chrono Boost), Assimilator  
  68  6:04  Void Ray (Chrono Boost), Pylon  
  68  6:09  Probe (Chrono Boost)  
  73  6:11  Probe  
  74  6:21  Robotics Facility  
  74  6:23  Probe (Chrono Boost)  
  74  6:24  Probe (Chrono Boost)  
  77  6:34  Probe (Chrono Boost)  
  77  6:35  Probe (Chrono Boost)  
  77  6:37  Pylon  
  77  6:39  Pylon  
  78  6:41  Void Ray (Chrono Boost)  
  82  6:47  Probe  
  82  6:48  Adept x2  
  87  6:59  Probe  
  88  7:08  Observer (Chrono Boost)  
  89  7:11  Probe, Nexus  
  89  7:12  Probe  
  91  7:16  Void Ray (Chrono Boost)  
  91  7:22  Pylon  
  95  7:24  Pylon  
  95  7:26  Immortal (Chrono Boost)  
  95  7:28  Probe  
  100  7:40  Probe  
  101  7:45  Photon Cannon  
  101  7:51  Photon Cannon  
  101  7:52  Probe x2  
  101  7:53  Protoss Ground Weapons Level 1  
  101  7:58  Immortal  
  107  8:01  Void Ray (Chrono Boost)  
  107  8:04  Probe  
  112  8:15  Adept  
  112  8:16  Adept  
  112  8:18  Pylon  
  116  8:23  Probe x2  
  116  8:26  Probe (Chrono Boost)  
  119  8:29  Twilight Council  
  119  8:30  Void Ray  
  119  8:35  Probe (Chrono Boost)  
  119  8:41  Probe (Chrono Boost)  
  126  8:43  Probe (Chrono Boost)  
  126  8:45  Assimilator  
  126  8:47  Assimilator  
  126  8:49  Probe (Chrono Boost), Pylon  
  126  8:52  Pylon  
  126  8:53  Probe  
  126  8:54  Probe  
  129  8:57  Pylon  
  129  8:59  Immortal (Chrono Boost)  
  133  9:05  Probe  
  134  9:16  Fleet Beacon  
  134  9:17  Stargate  
  134  9:24  Void Ray (Chrono Boost)  
  134  9:29  Probe  
  139  9:32  Immortal  
  139  9:34  Pylon  
  139  9:38  Probe  
  144  9:39  Probe  
  144  9:40  Pylon  
  157  10:10  Adept x4  
  159  10:27  Probe  
  159  10:28  Probe  
  144  10:37  Adept  
  144  10:38  Adept x3  
Show
View Real Time Build Order
Export as new Build Order

ChitogeBesto Zerg 

Build Orders: Pool First 

Get SALT Encoding   

  12  0:00  Drone  
  13  0:10  Drone  
  13  0:13  Extractor  
  13  0:18  Drone  
  14  0:34  Spawning Pool  
  13  0:37  Drone  
  14  0:46  Overlord  
  14  1:20  Zergling x4  
  14  1:21  Metabolic Boost, Zergling x2  
  14  1:23  Queen  
  19  1:33  Zergling x2  
  20  1:44  Zergling x2  
  21  1:57  Hatchery  
  20  2:04  Zergling x2  
  20  2:06  Overlord  
  21  2:26  Drone x2  
  22  2:40  Drone x3  
  22  2:42  Drone  
  26  2:51  Overlord  
  26  3:07  Roach Warren  
  26  3:11  Drone  
  26  3:12  Drone x5  
  30  3:21  Zergling x4  
  31  3:31  Queen  
  31  3:33  Drone  
  34  3:48  Hatchery  
  33  3:57  Roach x2  
  33  3:59  Roach  
  39  4:12  Roach  
  39  4:13  Roach  
  39  4:14  Overlord  
  39  4:15  Drone  
  43  4:25  Lair  
  43  4:28  Extractor  
  43  4:30  Extractor  
  41  4:36  Roach x2  
  45  4:42  Drone x4  
  48  4:52  Overlord x2  
  48  5:02  Drone x3  
  51  5:13  Drone x2  
  53  5:27  Roach  
  53  5:28  Roach x7  
  68  5:39  Glial Reconstitution  
  63  5:44  Roach x2  
  56  5:58  Roach x2  
  60  6:07  Zergling x4  
  60  6:11  Roach x3  
  68  6:32  Overlord x2  
  68  6:40  Overlord  
  64  6:59  Drone  
  64  7:00  Drone x5  
  66  7:09  Queen  
  68  7:26  Hydralisk Den  
  68  7:29  Ravager x4  
  71  7:39  Drone x5  
  76  7:53  Overlord x2  
  76  8:00  Muscular Augments  
  70  8:18  Drone  
  71  8:28  Hatchery, Drone x2  
  72  8:42  Hydralisk  
  72  8:43  Hydralisk x3  
  80  8:48  Ravager  
  80  8:49  Ravager  
  80  8:51  Ravager  
  80  8:52  Overlord  
  83  8:59  Hydralisk  
  83  9:00  Hydralisk  
  87  9:07  Hydralisk  
  87  9:09  Overlord  
  89  9:19  Hydralisk x2  
  89  9:23  Drone  
  94  9:29  Drone  
  94  9:30  Drone  
  96  9:37  Evolution Chamber  
  95  9:50  Drone  
  95  9:51  Drone x9  
  105  9:56  Hydralisk  
  107  10:11  Overlord  
  107  10:12  Overlord  

Tags
 
Add a new tag
Caveats
  • Supply blocks, unpowered buildings, or Contaminate may cause inaccurate times.
  • Supply counts are checked every 10 seconds.